Unix NetHack Version 5.0.0-0 post-release - last build May  4 2026 22:22:43 (774f63e81ad911689b3a0859ea89b322d5daca8d,branch:main).

Game began 2026-05-07 10:53:38, ended 2026-05-07 11:00:42.

31245981910, chaotic female elven Priestess

                     -----
                     |...----------
                    --....(....|..--------
             ---    |....................----
          -  |..   --.......................
          .---..----.............>.......- ..
        ..`................................-
         -................................-
        --...............................--
        |.......G.......G.................|
        --...G...........h...............--
         --...........GG....G..?.........-
          |...................--   .......-
          --...--...........%.--         -
           ---- |....f@h..h.........|
                -*........-----------
              ....|..`--..|
             ---------  ---

31245981910 the Acolyte      St:14 Dx:12 Co:10 In:9 Wi:20 Ch:12  Chaotic
Dlvl:3  $:47 HP:0(24) Pw:33(33) AC:7  Xp:3 T:987 

Latest messages:
 The gnome misses the kitten.
 The gnome wields a cursed crossbow!
 The crossbow welds itself to the gnome's hand!
 The dwarf is almost hit by an arrow!
 The dwarf picks up an arrow.
 The kitten bites the gnome.
 The gnome is killed!
 You see here a gnome corpse.
 Your kitten eats a gnome corpse.
 You see here an egg.
 The hobbit picks up a gem.
 n - an egg.
 The hobbit wields a sling!
 The gnome wields a bow!
 The gnome picks up a gem.
 The hobbit shoots a gray stone!
 You are almost hit by a gray stone.
 The dwarf is almost hit by an arrow!
 The dwarf picks up an arrow.
 The gnome throws a dart!
 You are hit by a dart.
 You hit the gnome.
 The hobbit shoots a gray stone!
 You are hit by a gray stone.
 The gnome throws a dart!
 A dart misses you.
 You kill the gnome!
 Welcome to experience level 3.
 The dwarf wields a pick-axe!
 The hobbit shoots a gray stone!
 A gray stone misses you.
 The dwarf swings his pick-axe.
 The dwarf hits!
 The gnome throws a dart!
 You are hit by a dart.
 You miss the dwarf.
 The hobbit shoots a gray stone!
 A gray stone misses you.
 The dwarf swings his pick-axe.
 The dwarf hits!
 The gnome wields a bow!
 You miss the dwarf.
 The dwarf swings his pick-axe.
 The dwarf hits!
 You die...
 Do you want your possessions identified? [ynq] (y) y
 Do you want to see your attributes? [ynq] (y) y
 Do you want an account of creatures vanquished? [ynaq] (y) y
 Do you want to see your conduct and achievements? [ynq] (y) y
 Do you want to see the dungeon overview? [ynq] (y) y

Inventory:
 Coins    ('$')
  $ - 47 gold pieces
 Weapons  (')')
  a - a blessed rusty +1 mace (weapon in right hand)
 Armor    ('[')
  c - a +0 small shield (being worn)
  b - a +0 robe (being worn)
 Comestibles  ('%')
  e - a clove of garlic
  j - a food ration
  f - 2 sprigs of wolfsbane
  n - an egg
 Scrolls  ('?')
  k - a scroll of confuse monster
 Spellbooks  ('+')
  h - a spellbook of detect food
  g - a spellbook of detect monsters
 Potions  ('!')
  l - a potion of see invisible
  d - 4 potions of holy water
 Tools    ('(')
  i - a leather drum
 Gems/Stones  ('*')
  m - a worthless piece of violet glass

31245981910 the Priestess's attributes:

Background:
 You were an Acolyte, a level 3 elven Priestess.
 You were chaotic, on a mission for Huan Ti
 who was opposed by Shan Lai Ching (lawful) and Chih Sung-tzu (neutral).
 You were right-handed.
 You were in the Gnomish Mines, on level 3.
 You entered the dungeon 987 turns ago.
 You had 40 experience points, 40 more were needed to attain level 4.

Basics:
 You had 0 out of 24 hit points.
 You had all 33 energy points (spell power).
 Your armor class was 7.
 Your wallet contained 47 zorkmids.
 Autopickup was off.

Final Characteristics:
 Your strength was 14 (limit:18).
 Your dexterity was 12 (limit:18).
 Your constitution was 10 (limit:16).
 Your intelligence was 9 (limit:20).
 Your wisdom was 20 (limit:20).
 Your charisma was 12 (limit:18).

Final Status:
 You weren't hungry.
 You were unencumbered.
 You were wielding a mace.
 You had basic skill with mace.

Final Attributes:
 You were fervently aligned.
 You had infravision.
 You were guarded.
 Your spell casting was enhanced by wearing a robe.
 You are dead.

Miscellaneous:
 You didn't encounter any bones levels.
 Total elapsed playing time was 7 minutes and 3 seconds.

Major events:
 Turn
    1: 31245981910 the chaotic elven Priestess entered the dungeon
  973: entered the Gnomish Mines
  984: attained the rank of Acolyte (level 3)
  987: killed by a dwarf

Spells:
 Name                 Level Category     Fail Retention
 detect monsters        1   divination     0%  76%-100%
 detect food            2   divination    14%  76%-100%

Skills:
 Fighting Skills
   bare handed combat [Unskilled]
 Weapon Skills
   club               [Unskilled]
   mace               [Basic]
   morning star       [Unskilled]
   flail              [Unskilled]
   hammer             [Unskilled]
   quarterstaff       [Unskilled]
   polearms           [Unskilled]
   spear              [Unskilled]
   trident            [Unskilled]
   lance              [Unskilled]
   bow                [Unskilled]
   sling              [Unskilled]
   crossbow           [Unskilled]
   dart               [Unskilled]
   shuriken           [Unskilled]
   boomerang          [Unskilled]
   unicorn horn       [Unskilled]
 Spellcasting Skills
   healing spells     [Unskilled]
   divination spells  [Unskilled]
   clerical spells    [Basic]

Voluntary challenges:
 Character rerolling was not enabled.
 You were an atheist.
 You were illiterate.
 You never genocided any monsters.
 You never polymorphed an object.
 You never changed form.
 You used no wishes.
Achievements:
 You entered a shop.
 You entered the Gnomish Mines.
 You attained the rank of Acolyte.

 The Dungeons of Doom: levels 1 to 2
    Level 1:
    Level 2:
       A general store, a fountain, a sink.
       Stairs down to The Gnomish Mines.
 The Gnomish Mines:
    Level 3: <- You were here.
       Final resting place for
          you, killed by a dwarf.


Vanquished creatures:
  a shrieker
  2 gnomes
  5 jackals
  a kobold
  2 goblins
  4 grid bugs
  3 lichens
  a newt
19 creatures vanquished.

No species were genocided or became extinct.

Game over:
                       ----------
                      /          \
                     /    REST    \
                    /      IN      \
                   /     PEACE      \
                  /                  \
                  |   31245981910    |
                  |      47 Au       |
                  |   killed by a    |
                  |      dwarf       |
                  |                  |
                  |                  |
                  |       2026       |
                 *|     *  *  *      | *
        _________)/\\_//(\/(/\)/\//\/|_)_______

Goodbye 31245981910 the Priestess...

You died in The Gnomish Mines on dungeon level 3 with 303 points,
and 47 pieces of gold, after 987 moves.
You were level 3 with a maximum of 24 hit points when you died.

